 Dungeon Crawl Stone Soup version 0.17-a0-1987-gaf5a542 (webtiles) character file.

193 4thArraOfDagon the Insei (level 5, 0/47 HPs)
             Began as a Draconian Monk on Oct 6, 2015.
             Succumbed to poison (a potion of poison)
             ... on level 4 of the Dungeon.
             The game lasted 00:03:34 (777 turns).

4thArraOfDagon the Insei (Draconian Monk)            Turns: 777, Time: 00:03:35

Health: 0/47       AC:  5    Str: 13    XL:     5   Next: 43%
Magic:  5/5        EV: 13    Int: 11    God:
Gold:   46         SH:  0    Dex: 14    Spells: 1 memorised, 2 levels left

rFire  + + .     SeeInvis .       - Unarmed
rCold  . . .     Clarity  .     (armour unavailable)
rNeg   . . .     SustAt   .     (no shield)
rPois  .         Gourm    .     (helmet restricted)
rElec  .         Spirit   .     (no cloak)
rCorr  .         Warding  .     (no gloves)
rMut   .         Stasis   .     (no boots)
MR     .....                    (no amulet)
Stlth  ++........               g - ring of protection from fire
                                f - ring of protection from fire

@: lethally poisoned (0 -> -5), not resistant to hostile enchantments,
unstealthy
A: unfitting armour, cold-blooded, AC +5
a: no special abilities


You were on level 4 of the Dungeon.
You were not hungry.

You visited 1 branch of the dungeon, and saw 5 of its levels.

You collected 46 gold pieces.

Inventory:

Jewellery
 f - a ring of protection from fire (left hand)
 g - a ring of protection from fire (right hand)
Scrolls
 c - a scroll of magic mapping {unknown}
 e - a scroll of immolation {unknown}
 j - a scroll of amnesia {unknown}
 k - a scroll of fear {unknown}
Books
 i - a book of Spatial Translocations

   Spells                             Type                      Level
   a - Apportation                    Translocation                1
   b - Blink                          Translocation                2
   c - Shroud of Golubria             Charms/Translocation         2
   d - Portal Projectile              Translocation                3
   e - Teleport Other                 Translocation                3
   f - Passage of Golubria            Translocation                4
Comestibles
 a - a bread ration
 b - a meat ration


   Skills:
 + Level 4.5 Fighting
 + Level 3.5 Dodging
 - Level 1.7 Stealth
 * Level 5.5 Unarmed Combat


You had 2 spell levels left.
You knew the following spells:

 Your Spells              Type           Power        Failure   Level  Hunger
a - Blink                 Tloc           N/A          56%         2    ###....


Dungeon Overview and Level Annotations

Branches:
Dungeon (5/15)
 Temple: D:4-7

Altars:
Dithmenos

Annotations:
D:4 4thArraOfDagon's ghost, amateur TrAE


Innate Abilities, Weirdness & Mutations

Your plain brown scales are hard (AC +5).
Your body does not fit into most forms of armour.
You are cold-blooded and may be slowed by cold attacks.


Message History

You hit the ogre.
The ogre is severely wounded.
You feel sick. The ogre closely misses you.
You hit the ogre but do no damage.
You tail-slap the ogre, but do no damage.
The ogre is severely wounded.
You feel sick.
You hit the ogre but do no damage.
Your tail-slap misses the ogre.
The ogre is severely wounded.
The ogre completely misses you.
You punch the ogre! You tail-slap the ogre.
The ogre is almost dead.
You feel sick.
The ogre hits you with a giant spiked club!
* * * LOW HITPOINT WARNING * * *
Unknown command.
You hit the ogre but do no damage. You tail-slap the ogre.
You kill the ogre!
You have reached level 5!
You die...

.........+.+...+...'..'...+
.........#'#...##..##.#...#
###+#.........#..##.#...#
+...'.........#.....#...#
#...#.........#.....'...# +
#.Z.#.........'.....#...+ #..
##'##.........#'###.#...##+
#...#.####+###+#....##.##.....
+...'......Z)@.+....+...+.....
#...####.#####.#....###+#.....
...... #.# .###........###'
..... ... .. +........+...
..... #.... +###........#...
+#.. +..##+ ####+####' #..
#+## #....#.... +....#....
#....'....


You could see a giant gecko skeleton.

Vanquished Creatures
  An ogre (D:4)
  A hound (D:4)
  A worker ant (D:4)
  Robin (D:4)
  An adder (D:3)
  2 oozes
  3 bats (D:2)
  11 goblins
  4 hobgoblins
  A ball python (D:4)
  4 kobolds
30 creatures vanquished.

Notes
Turn   | Place    | Note
--------------------------------------------------------------
     0 | D:1      | 4thArraOfDagon the Draconian Monk began the quest for the Orb.
     0 | D:1      | Reached XP level 1. HP: 19/19 MP: 1/1
   222 | D:2      | Reached XP level 2. HP: 20/26 MP: 2/2
   333 | D:2      | Reached XP level 3. HP: 26/31 MP: 3/3
   483 | D:3      | Learned a level 2 spell: Blink
   496 | D:2      | Found a shadowy altar of Dithmenos.
   533 | D:4      | Reached skill level 5 in Unarmed Combat
   533 | D:4      | Reached XP level 4. HP: 32/40 MP: 4/4
   581 | D:5      | Entered Level 5 of the Dungeon
   581 | D:5      | Noticed an ogre
   632 | D:4      | Noticed Robin
   670 | D:4      | Killed Robin
   750 | D:4      | Noticed 4thArraOfDagon's ghost (amateur TrAE)
   759 | D:4      | Noticed an ogre
   776 | D:4      | HP: 1/40 [ogre/giant spiked club (8)]
   777 | D:4      | Killed an ogre
   777 | D:4      | Reached XP level 5. HP: 1/47 MP: 5/5
   777 | D:4      | Succumbed to poison (a potion of poison)

Vault maps used:
D:1:      nicolae_arrival_washed_ashore, minmay_hedge_maze
D:2:      grunt_temple_overflow_open
D:3:      makhleb_blood_cavern_becter, first_bread, ecumenical_altar_2
D:4:      lemuel_doored_altar, uniq_robin

Action                   |  1- 3 |  4- 6 || total
-------------------------+-------+-------++-------
Melee: Unarmed           |    62 |    47 ||   109
  Use: Scroll            |     1 |       ||     1
       Potion            |       |     2 ||     2
 Stab: Sleeping          |     2 |       ||     2
